 Dungeon Crawl Stone Soup version 0.18-a0-1764-gf4ddf0b (webtiles) character file.

15642 epen the Carver (level 12, -8/109 HPs)
             Began as a Naga Abyssal Knight on Apr 13, 2016.
             Was a Priest of Lugonu.
             Mangled by a tentacled starspawn (10 damage)
             ... summoned by Lugonu's corruption
             ... on level 11 of the Dungeon.
             The game lasted 00:43:21 (20087 turns).

epen the Carver (Naga Abyssal Knight)              Turns: 20087, Time: 00:43:22

Health: -8/109     AC: 19    Str: 19    XL:     12   Next: 29%
Magic:  8/19       EV:  7    Int: 14    God:    Lugonu [***...]
Gold:   744        SH:  8    Dex: 10    Spells: 0 memorised, 11 levels left

rFire  . . .     SeeInvis +     f - +1 short sword (protect)
rCold  . . .     Gourm    .     B - +0 chain mail
rNeg   + . .     Faith    .     z - +0 buckler
rPois  +         Spirit   .     (helmet restricted)
rElec  .         Dismiss  .     J - +0 cloak
rCorr  +         Reflect  +     v - +0 pair of gloves
SustAt .         Harm     .     (no barding)
MR     +....     Clarity  +     i - +2 amulet of reflection
Stlth  ..........               y - ring of resist corrosion
                                r - ring of positive energy

@: liquid flames, glowing, very slow, somewhat resistant to hostile
enchantments, extremely unstealthy
A: horns 1, large bone plates 1, see invisible, clarity, deformed body,
deterioration 1, poison resistance, slowness 2, slow metabolism 1, spit poison
2, wild magic 1, AC +4
a: Spit Poison, Depart the Abyss, Bend Space, Banish, Renounce Religion


You were on level 11 of the Dungeon.
You worshipped Lugonu.
Lugonu was most pleased with you.
You were hungry.

You visited 1 branch of the dungeon, and saw 11 of its levels.
You visited the Abyss 1 time.

You collected 744 gold pieces.

Inventory:

Hand Weapons
 a - a +1 falchion
 f - a +1 short sword of protection (weapon)
 s - a +0 scimitar
Armour
 b - a +0 leather armour
 g - a +0 helmet
 v - a +0 pair of gloves (worn)
 x - a +0 ring mail
 z - a +0 buckler (worn)
 B - a +0 chain mail (worn)
 G - a +0 scale mail
 J - a +0 cloak (worn)
 N - a +0 troll leather armour
Jewellery
 i - a +2 amulet of reflection (around neck)
 r - a ring of positive energy (left hand)
 t - an uncursed ring of flight
 y - a ring of resist corrosion (right hand)
Wands
 h - a wand of hasting (1/9)
 l - a wand of polymorph (8/24)
 H - a wand of enslavement (5/24)
 K - a wand of iceblast (8/15)
 L - a wand of confusion (19/48)
Scrolls
 d - 4 scrolls of remove curse
 e - 5 scrolls of recharging
 j - 3 scrolls of teleportation
 C - 3 scrolls of identify
 E - a scroll of enchant weapon {unknown}
 F - a scroll of fear {unknown}
Potions
 m - 5 potions of curing
 n - 2 potions of brilliance
 o - 3 potions of might
 p - 2 potions of magic
 q - a potion of lignification
 u - 2 potions of cancellation
 w - a potion of ambrosia
 A - a potion of agility
 D - a potion of invisibility
 I - a potion of haste {unknown}
Comestibles
 c - 10 bread rations
 k - 3 meat rations
 M - a royal jelly
 O - a beef jerky
 P - 5 chunks of flesh


   Skills:
 + Level 7.3 Fighting
 * Level 11.6 Long Blades
 * Level 5.9 Armour
 + Level 6.8 Dodging
 - Level 3.0 Shields
 - Level 10.4 Invocations


You had 11 spell levels left.
You didn't know any spells.

Dungeon Overview and Level Annotations

Branches:
Dungeon (11/15)            Temple (0/1) D:6             Orc (0/2) D:9
   Lair: D:8-11

Altars:
Ashenzari
Cheibriados
Fedhas
Gozag
Makhleb
Nemelex Xobeh
Okawaru
Qazlal
Sif Muna

Shops:
D:6 :   D:9 *

Annotations:
D:9 corrupted
D:11 corrupted
Abyss:1 Eustachio, Grum, Joseph, Nergalle, Pikel, Prince Ribbit


Innate Abilities, Weirdness & Mutations

You cannot wear boots.
Your serpentine skin is tough (AC +4).
You have supernaturally acute eyesight.
Armour fits poorly on your strangely shaped body.
Your system is resistant to poisons.
You cover ground very slowly.
You have a slow metabolism.
You can spit poison.
You have a pair of small horns on your head.
You are partially covered in large bone plates (AC +2, SH +2).
You possess an exceptional clarity of mind.
Your body sometimes deteriorates upon taking damage.
Your spells are a little harder to cast, but a little more powerful.


Message History

The ynoxinul hits the mottled dragon.
The white very ugly thing tail-slaps the komodo dragon.
The white very ugly thing freezes the komodo dragon!!
The komodo dragon seems to slow down.
The smoke demon gestures at the mottled dragon.
The ball of steam hits the mottled dragon.
The mottled dragon resists.
The mottled dragon dies!
You are covered in liquid flames!
* * * LOW HITPOINT WARNING * * *
The hell hog barely misses the komodo dragon.
The large abomination hits you but does no damage.
The ynoxinul closely misses the komodo dragon.
The white very ugly thing completely misses the komodo dragon.
The smoke demon gestures at the komodo dragon.
The ball of steam hits the komodo dragon.
The komodo dragon dies!
The tentacled starspawn completely misses you.
The tentacled starspawn engulfs you!
You die...

'####...# #......# #...(.#...
........# #......# #.....#...
........#####......# #.....####
........>..........#####.........
#..#####....###'##..X....#######.
#### ###### #####2###### ## # ..#
## #.#.###3.### .# #
##.ZX@(§§h.###.#.#
#.(.(X#3#u÷l.....##.## ######
###.(S#..Yx###..........#
.....###...##.#.#t# ##.#.#......
#####..†#####X####. ##..#....
##### . # ### ... . .# ##


You could see an iguana, a neutral white very ugly thing, a neutral tentacled
starspawn, a neutral apocalypse crab (wandering), a neutral thrashing horror, a
neutral large abomination, a neutral guardian serpent, a neutral smoke demon, a
neutral ynoxinul, a neutral small abomination (wandering) and a neutral titan
skeleton.

Vanquished Creatures
  An unseen horror (D:11)
  A hill giant (D:11)
  An ugly thing (D:11)
  A centaur skeleton (D:11)
  3 trolls
  2 two-headed ogres
  A shadow (D:11)
  3 wyverns
  A spriggan (D:7)
  21 yaks
  4 hippogriffs
  A basilisk (D:10)
  A soldier ant (D:11)
  Duvessa (D:5)
  2 orc warriors
  A black bear (D:9)
  4 ice beasts
  2 phantoms (D:7)
  A necrophage (D:5)
  2 sky beasts (D:8)
  6 ogres
  3 wolves (D:10)
  6 centaurs
  A crocodile (D:11)
  Blork the orc (D:5)
  2 big kobolds (D:11)
  A wyvern zombie (D:10)
  5 giant frogs
  A gnoll sergeant (D:8)
  Dowan (D:5)
  3 scorpions
  8 killer bees
  10 wights
  4 howler monkeys (D:9)
  6 crimson imps
  A giant frog zombie (D:5)
  A centaur zombie (D:6)
  4 hounds
  2 jellies
  4 orc priests
  8 orc wizards
  Natasha (thrice) (D:3)
  3 giant frog skeletons
  3 iguanas
  6 worker ants
  3 sheep (D:11)
  2 hound skeletons
  2 worker ant zombies
  A howler monkey skeleton (D:7)
  5 gnolls (D:8)
  7 adders
  2 shadow imps (D:10)
  2 oozes (D:1)
  An adder zombie (D:9)
  An adder skeleton (D:4)
  A worm (D:2)
  2 dart slugs (D:1)
  10 giant geckos
  35 orcs
  8 bats
  8 giant cockroaches
  11 goblins
  9 hobgoblins
  11 jackals
  16 kobolds
  4 quokkas
  3 ball pythons
  A giant gecko skeleton (D:6)
  6 giant newts
  A quokka skeleton (D:3)
  8 rats
307 creatures vanquished.

Vanquished Creatures (others)
  A centaur warrior (D:10)
  The ghost of M4edhros the Fighter, a novice OgWn of Gozag (D:7)
  A hill giant (D:10)
  A cyclops (D:11)
  A komodo dragon (D:11)
  2 trolls (D:11)
  A mottled dragon (D:11)
  2 orc warriors
  4 slaves (D:7)
  A wasp (D:9)
  A wolf (D:10)
  An ogre (D:4)
  A giant frog (D:11)
  2 killer bees (D:11)
  A wight (D:7)
  An orc priest (D:9)
  An iguana (D:9)
  2 orc wizards (D:9)
  A worker ant (D:8)
  An orc (D:4)
  A fungus (D:5)
28 creatures vanquished.

Grand Total: 335 creatures vanquished

Notes
Turn   | Place    | Note
--------------------------------------------------------------
     0 | Abyss:1  | epen the Naga Abyssal Knight began the quest for the Orb.
     0 | Abyss:1  | Reached XP level 1. HP: 21/21 MP: 2/2
    17 | D:1      | Escaped the Abyss
   108 | D:1      | Reached XP level 2. HP: 26/28 MP: 3/3
   150 | D:1      | Reached skill level 1 in Dodging
   538 | D:1      | Reached ** piety under Lugonu
   587 | D:1      | Reached XP level 3. HP: 33/34 MP: 4/4
   805 | D:1      | Reached skill level 3 in Long Blades
  1084 | D:1      | Found a blossoming altar of Fedhas.
  1226 | D:2      | Reached XP level 4. HP: 38/42 MP: 6/6
  1400 | D:2      | Found a shattered altar of Ashenzari.
  1440 | D:2      | Found an opulent altar of Gozag.
  1480 | D:2      | Reached *** piety under Lugonu
  2100 | D:3      | Noticed Natasha
  2124 | D:3      | Killed Natasha
  2124 | D:3      | Reached XP level 5. HP: 4/49 MP: 2/8
  2187 | D:3      | Noticed Natasha
  2418 | D:3      | Killed Natasha
  2677 | D:3      | Noticed Natasha
  2689 | D:3      | Killed Natasha
  3235 | D:3      | Reached skill level 4 in Long Blades
  3343 | D:4      | Found an iron altar of Okawaru.
  3456 | D:4      | Reached XP level 6. HP: 35/56 MP: 9/9
  3629 | D:4      | Found a burning altar of Makhleb.
  4008 | D:4      | Reached skill level 5 in Invocations
  4337 | D:4      | Found a deep blue altar of Sif Muna.
  4338 | D:4      | Found a snail-covered altar of Cheibriados.
  4538 | D:4      | Found a stormy altar of Qazlal.
  4540 | D:4      | Found a burning altar of Makhleb.
  4915 | D:4      | Reached XP level 7. HP: 36/62 MP: 9/11
  5096 | D:5      | Entered Level 5 of the Dungeon
  5114 | D:5      | Reached skill level 5 in Long Blades
  5179 | D:5      | Noticed Blork the orc
  5183 | D:5      | Noticed Eustachio
  5194 | D:5      | Banished Eustachio
  5199 | D:5      | Killed Blork the orc
  5411 | D:5      | Noticed Duvessa
  5412 | D:5      | Noticed Dowan
  5456 | D:5      | Killed Duvessa
  5474 | D:5      | Killed Dowan
  5759 | D:5      | Noticed Prince Ribbit
  5762 | D:5      | Banished Prince Ribbit
  5762 | D:5      | Reached skill level 6 in Long Blades
  5762 | D:5      | Reached XP level 8. HP: 69/69 MP: 11/13
  5815 | D:5      | Found a blossoming altar of Fedhas.
  7181 | D:6      | Reached skill level 7 in Long Blades
  7328 | D:6      | Found Saqam's Book Boutique.
  7341 | D:6      | Reached XP level 9. HP: 71/74 MP: 15/15
  7365 | D:6      | Found a staircase to the Ecumenical Temple.
  7968 | D:7      | Noticed Pikel
  7979 | D:7      | Banished Pikel
  8338 | D:7      | Reached skill level 8 in Long Blades
  8699 | D:7      | Noticed M4edhros's ghost (novice OgWn)
  8703 | D:7      | Banished M4edhros's ghost
  9232 | D:7      | Noticed Joseph
  9236 | D:7      | Banished Joseph
  9236 | D:7      | Reached XP level 10. HP: 48/86 MP: 17/17
  9988 | D:8      | Gained mutation: Your body sometimes deteriorates upon taking damage. [mutagenic meat]
  9989 | D:8      | Gained mutation: You possess an exceptional clarity of mind. [mutagenic meat]
  9990 | D:8      | Gained mutation: You evolve. [mutagenic meat]
  9991 | D:8      | Gained mutation: Your spells are a little harder to cast, but a little more powerful. [mutagenic meat]
 10397 | D:8      | Gained mutation: You are partially covered in large bone plates (AC +2, SH +2). [evolution]
 10543 | D:8      | Reached skill level 9 in Long Blades
 10875 | D:8      | Reached skill level 10 in Invocations
 10945 | D:8      | Reached skill level 5 in Fighting
 11202 | D:8      | Reached skill level 5 in Dodging
 11898 | D:8      | Lost mutation: You evolve. [potion of mutation]
 11898 | D:8      | Gained mutation: You have a pair of small horns on your head. [potion of mutation]
 11965 | D:9      | Reached skill level 1 in Shields
 12364 | D:9      | Found a staircase to the Orcish Mines.
 12455 | D:9      | Reached **** piety under Lugonu
 12891 | D:9      | Reached XP level 11. HP: 42/95 MP: 18/18
 13300 | D:9      | Corrupted D:9
 13300 | D:9      | Noticed a large abomination
 13300 | D:9      | Noticed a phantasmal warrior
 13300 | D:9      | Noticed a thrashing horror
 13300 | D:9      | Noticed a sixfirhy
 13300 | D:9      | Noticed a starcursed mass
 13302 | D:9      | Noticed a sixfirhy
 13307 | D:9      | Noticed a large abomination
 13856 | D:9      | Reached skill level 10 in Long Blades
 14492 | D:9      | Found Oreocucet's Demolitions Depot.
 14518 | D:9      | Found a sparkling altar of Nemelex Xobeh.
 14520 | D:9      | Found an opulent altar of Gozag.
 14768 | D:10     | Entered Level 10 of the Dungeon
 14772 | D:10     | Noticed a hill giant
 14774 | D:10     | Banished a hill giant
 14806 | D:10     | Gained mutation: You have an increased reservoir of magic (+10% MP). [potion of mutation]
 14806 | D:10     | Lost mutation: You have an increased reservoir of magic (+10% MP). [potion of mutation]
 15247 | D:10     | Noticed Nergalle
 15247 | D:10     | Banished Nergalle
 15554 | D:10     | Noticed a centaur warrior
 15555 | D:10     | Banished a centaur warrior
 15573 | D:10     | Noticed Grum
 15575 | D:10     | Banished Grum
 17510 | D:11     | Noticed an unseen horror
 17584 | D:11     | Killed an unseen horror
 17584 | D:11     | Reached skill level 5 in Armour
 17911 | D:11     | Noticed a red ugly thing
 17933 | D:11     | Killed a purple ugly thing
 17933 | D:11     | Reached skill level 11 in Long Blades
 17969 | D:11     | Found a sparkling altar of Nemelex Xobeh.
 18260 | D:11     | Noticed a cyclops
 18277 | D:11     | Banished a cyclops
 18340 | D:11     | Reached XP level 12. HP: 16/106 MP: 10/19
 20085 | D:11     | Corrupted D:11
 20085 | D:11     | Noticed a white very ugly thing
 20085 | D:11     | Noticed a hell hog
 20085 | D:11     | Noticed a tentacled starspawn
 20085 | D:11     | Noticed a thrashing horror
 20085 | D:11     | HP: 4/109 [burnt (6)]
 20087 | D:11     | Noticed a lorocyproca
 20087 | D:11     | Noticed a tentacled starspawn
 20087 | D:11     | Mangled by a tentacled starspawn

Vault maps used:
D:1:      dpeg_arrival_water_altar
D:2:      evilmike_ruin_ashenzari, first_bread, mrwooster_statue_mirror,
          grunt_gozag_breadcrumbs
D:3:      minmay_bad_closet, uniq_natasha
D:4:      lemuel_doored_altar, nicolae_overflow_hidden_temple,
          makhleb_blood_cavern_becter
D:5:      fedhas_altar_3, uniq_duvessa, uniq_blork_the_orc, uniq_eustachio,
          uniq_prince_ribbit1
D:6:      minmay_temple_entry_mist, serial_shops, shop, lemuel_another_geyser
D:7:      the_bakery, uniq_joseph, uniq_pikel
D:9:      grunt_temple_overflow_opulence, erik_orc_3, nicolae_blasting_shop
D:10:     uniq_nergalle, uniq_grum
D:11:     erik_lair_dragon, basic_altar, uniq_fannar

Skill      XL: |  1  2  3  4  5  6  7  8  9 10 11 12 |
---------------+-------------------------------------+-----
Dodging        | 1 2 3 4 5 6 |  6.8
Long Blades    | 3 4 6 7 8 9 11 | 11.6
Invocations    | 3 4 5 6 8 9 10 | 10.4
Fighting       | 4 5 6 7 |  7.3
Armour         | 2 3 5 |  5.9
Shields        | 1 3 |  3.0

Action                   |  1- 3 |  4- 6 |  7- 9 | 10-12 || total
-------------------------+-------+-------+-------+-------++-------
Melee: Falchion          |    34 |       |       |       ||    34
       Short sword       |   112 |   302 |   544 |  1632 ||  2590
       Headbutt          |       |       |       |   247 ||   247
Invok: Banish            |       |     3 |     7 |    16 ||    26
       Bend Space        |       |       |       |     3 ||     3
       Corrupt           |       |       |       |     2 ||     2
 Abil: Spit Poison       |       |     3 |    24 |    90 ||   117
       Evoke Flight      |       |       |     1 |       ||     1
Evoke: Club              |       |       |       |     1 ||     1
  Use: Scroll            |       |     4 |     7 |    10 ||    21
       Potion            |       |       |     1 |     5 ||     6
  Eat: Chunk             |       |     9 |     5 |    32 ||    46
       Beef jerky        |       |     1 |       |     1 ||     2
       Bread ration      |       |       |     1 |       ||     1
       Royal jelly       |       |       |     1 |       ||     1
       Meat ration       |       |       |     1 |     2 ||     3
Armor: Leather armour    |    77 |   151 |    41 |       ||   269
       Ring mail         |       |       |   201 |    40 ||   241
       Scale mail        |       |       |       |   168 ||   168
       Chain mail        |       |       |       |   564 ||   564
       Troll leather arm |       |       |       |    15 ||    15
Dodge: Dodged            |    71 |   147 |   213 |   448 ||   879
Block: Other             |     2 |    31 |     5 |       ||    38
       Buckler           |       |       |    64 |   559 ||   623
       Reflected         |       |       |     4 |     5 ||     9
